 Dungeon Sprint DCSS version 0.26-a0-665-gefeb406119 (webtiles) character file.

Game seed: 2739721965090581042

110 sahdkjhfkaj the Covert (level 4, -1/21 HPs)
             Began as a Spriggan Enchanter on Oct 14, 2020.
             Was an Initiate of Cheibriados.
             Splashed by an oklob sapling's acid (11 damage)
             ... in the Dungeon (Sprint IV: "Fedhas' Mad Dash").
             The game lasted 00:00:29 (111 turns).

sahdkjhfkaj the Covert (Spriggan Enchanter)          Turns: 111, Time: 00:00:36

Health: -1/21      AC:  2    Str:  5    XL:     4   Next: 61%
Magic:  9/9        EV: 18    Int: 17    God:    Cheibriados [......]
Gold:   50         SH:  0    Dex: 18    Spells: 5/8 levels left

rFire    . . .     SeeInvis +   a - +1 dagger
rCold    . . .     Faith    .   (shield restricted)
rNeg     . . .     Spirit   .   b - +0 robe
rPois    .         Reflect  .   (helmet restricted)
rElec    .         Harm     .   (no cloak)
rCorr    .         Rampage  .   (gloves unavailable)
MR       .....     NoTele   +   (boots unavailable)
Stlth    ++++++....             j - amulet of invisibility {+Inv}
HPRegen  0.07/turn              (no ring)
MPRegen  0.11/turn              (no ring)

@: quick
A: very small, unfitting armour, see invisible, speed 3
a: Bend Time, Renounce Religion, Evoke Invisibility


You were in the Dungeon.
You worshipped Cheibriados.
Cheibriados was noncommittal.
You visited 1 branch You collected 50 gold pieces.

Inventory:

Hand Weapons
 a - a +1 dagger (weapon)
Armour
 b - a +0 robe (worn)
Jewellery
 j - the amulet of invisibility (around neck) {+Inv}
   (You found it in the Dungeon)

   [amulet of nothing]

   It lets you turn invisible.
Scrolls
 c - a scroll of remove curse {unknown}
 i - a scroll of blinking
Potions
 d - 2 potions of curing
 e - a potion of heal wounds
 f - a potion of haste
 g - 2 potions of magic
 h - a potion of berserk rage


   Skills:
 - Level 1.1 Short Blades
 - Level 3.0 Dodging
 + Level 14.2 Stealth
 - Level 2.6 Spellcasting
 - Level 3.6 Hexes


You had 5 spell levels left.
You knew the following spells:

 Your Spells              Type           Power        Failure   Level
a - Corona                Hex            ##.....      4%          1
b - Ensorcelled Hibernat  Hex/Ice        #.....       13%         2

Your spell library contained the following spells:

 Spells                   Type           Power        Failure   Level
 Confusing Touch          Hex            ##......     12%         3
 Tukima's Dance           Hex            ##......     12%         3
 Dazzling Flash           Conj/Hex       #.....       26%         3


Dungeon Overview and Level Annotations

Branches:
Dungeon (1/1)

Altars:
Cheibriados
Dithmenos
Elyvilon
Gozag
Hepliaklqana
Kikubaaqudgha
Makhleb
Nemelex Xobeh
Okawaru
Qazlal
Ru
Sif Muna
Trog
Uskayaw
Vehumet
Wu Jian
Xom
Yredelemnul
Zin
The Shining One
Beogh
Jiyva
Lugonu

Annotations:
D exclusion: oklob sapling


Innate Abilities, Weirdness & Mutations

You are very small and have problems with some larger weapons.
You are too small for most types of armour.
You have supernaturally acute eyesight. (SInv)
You cover ground extremely quickly.


Message History

You start resting.
Magic restored.
You start waiting.
Your magical contamination has completely faded away.
You open the door.
An oklob sapling comes into view.
Marking area around an oklob sapling as unsafe for travelling.
Found 29 gold pieces.
There is an open door here.
Cast which spell? (? or * to list)
You don't know that spell.
Cast which spell? (? or * to list)
You can't see any susceptible monsters within range! (Use Z to cast anyway.)
The oklob sapling spits acid at you. The splash of acid hits you!
Ouch! That really hurt!
* * * LOW HITPOINT WARNING * * *
You are splashed with acid!
Ouch! That really hurt!
You die...

################################
#<..P#.....#.....#.⌠._._._._.⌠.#
#PP..'.....'.#...'.._._._._._..+
#PPPP#.....#.#†@.#..._._._._...#
###############'##.._._._._._..#
+...#._._._._._.⌠.#
#$P$############### #####


You could see an oklob sapling.

Vanquished Creatures
  2 oklob saplings (D)
  A worker ant (D)
  A river rat (D)
  A rat (D)
5 creatures vanquished.

Notes
Turn   | Place    | Note
-------+----------+-------------------------------------------
     0 | D        | sahdkjhfkaj the Spriggan Enchanter began the quest for the
                  | Orb.
     0 | D        | Reached XP level 1. HP: 9/9 MP: 5/5
     8 | D        | Reached skill level 7 in Stealth
     8 | D        | Reached XP level 2. HP: 13/13 MP: 6/6
    11 | D        | Reached skill level 8 in Stealth
    21 | D        | Learned a level 2 spell: Ensorcelled Hibernation
    21 | D        | Noticed an oklob sapling
    23 | D        | Killed an oklob sapling
    23 | D        | Reached skill level 10 in Stealth
    23 | D        | Reached XP level 3. HP: 16/16 MP: 8/8
    26 | D        | Found the amulet of invisibility {+Inv}
    27 | D        | Reached skill level 12 in Stealth
    53 | D        | Found an opulent altar of Gozag.
    53 | D        | Found a hazy altar of Hepliaklqana.
    53 | D        | Found a burning altar of Makhleb.
    53 | D        | Found a roughly hewn altar of Beogh.
    53 | D        | Found a sparkling altar of Nemelex Xobeh.
    53 | D        | Found a snail-covered altar of Cheibriados.
    53 | D        | Found a sacrificial altar of Ru.
    53 | D        | Found a shimmering blue altar of Sif Muna.
    53 | D        | Found a shimmering altar of Xom.
    53 | D        | Found a basalt altar of Yredelemnul.
    54 | D        | Found a viscous altar of Jiyva.
    54 | D        | Found a bloodstained altar of Trog.
    54 | D        | Found an ornate altar of the Wu Jian Council.
    54 | D        | Noticed an oklob sapling priest
    55 | D        | Found an iron altar of Okawaru.
    55 | D        | Found a shadowy altar of Dithmenos.
    55 | D        | Found a glowing silver altar of Zin.
    56 | D        | Found an ancient bone altar of Kikubaaqudgha.
    56 | D        | Found a hide-covered altar of Uskayaw.
    57 | D        | Found a stormy altar of Qazlal.
    57 | D        | Found a white marble altar of Elyvilon.
    57 | D        | Found a glowing golden altar of the Shining One.
    58 | D        | Found a corrupted altar of Lugonu.
    58 | D        | Found a radiant altar of Vehumet.
    61 | D        | Became a worshipper of Cheibriados the Contemplative
    63 | D        | Killed an oklob sapling priest
    63 | D        | Reached skill level 14 in Stealth
    63 | D        | Reached XP level 4. HP: 21/21 MP: 6/9
   111 | D        | Splashed by an oklob sapling's acid

Illustrated notes

Levels and vault maps discovered:
D:        dungeon_sprint_fedhas [sprint_temple]

Skill      XL: |  1  2  3 |
---------------+----------+-----
Stealth        | 7 10 14 | 14.2
Short Blades   | |  1.1
Dodging        | |  3.0
Spellcasting   | |  2.6
Hexes          | |  3.6

Action                   |  1- 3 |  4- 6 || total
-------------------------+-------+-------++-------
Melee: Dagger            |     7 |       ||     7
 Abil: Evoke Invisibilit |     1 |       ||     1
 Stab: Sleeping          |     4 |       ||     4
Dodge: Dodged            |     4 |       ||     4

Table legend: (Time is in decaauts)
 A = Elapsed time spent in this place.
 B = Non-inter-level travel time spent in this place.
 C = Inter-level travel time spent in this place.
 D = Time resting spent in this place.
 E = Time spent auto-exploring this place.
 F = Levels seen in this place.
 G = Mean time per level.
                   A        B        C        D        E       F      G
               +--------+--------+--------+--------+--------+-----+--------+
         Total |     96 |     96 |      0 |     36 |      0 |   1 |   96.0 |
       Dungeon |     96 |     96 |      0 |     36 |      0 |   1 |   96.0 |
               +--------+--------+--------+--------+--------+-----+--------+

Top non-repeatable levels by time:
       D: 96 daAuts
